 Dungeon Crawl Stone Soup version 0.30-a0-808-g6e0788376e (webtiles) character file.

Game seed: 1052713293057633023

116 runemasterragnar the Chopper (level 5, -1/47 HPs)
             Began as a Hill Orc Monk on Feb 26, 2023.
             Slain by Natasha (3 damage)
             ... on level 3 of the Dungeon.
             The game lasted 00:02:31 (2576 turns).

runemasterragnar the Chopper (Hill Orc Monk)        Turns: 2576, Time: 00:02:32

Health: -1/47      AC:  6    Str: 13 (16) XL:     5   Next: 1%
Magic:  5/5        EV:  8    Int:  8 (10) God:
Gold:   220        SH:  0    Dex: 12 (13) Spells: 4/4 levels left

rFire   . . .      SeeInvis .    a - +0 hand axe
rCold   . . .      Faith    .    (no shield)
rNeg    . . .      Spirit   .    s - +0 ring mail
rPois   .          Reflect  .    (no helmet)
rElec   .          Harm     .    (no cloak)
rCorr   .          Rampage  .    h - +0 pair of gloves
Will    .....                    (no boots)
Stlth   +                        (no amulet)
HPRegen 0.27/turn                (no ring)
MPRegen 0.09/turn                (no ring)

@: flying, slowed, constricted, very slow
A: no striking features
a: no special abilities


You were on level 3 of the Dungeon.
You visited 1 branch of the dungeon, and saw 4 of its levels.

You collected 220 gold pieces.

Inventory:

Hand Weapons
 a - a +0 hand axe (weapon)
Armour
 b - a +0 robe
 d - a +0 leather armour
 h - a +0 pair of gloves (worn)
 s - a +0 ring mail (worn)
 u - a +0 chain mail
Jewellery
 r - a ring of protection from fire
Wands
 w - a wand of polymorph (11)
Scrolls
 f - 4 scrolls of identify {unknown}
 i - 2 scrolls of amnesia {unknown}
 j - a scroll of noise {unknown}
 k - a scroll of torment {unknown}
 l - 2 scrolls of teleportation {unknown}
 m - a scroll of fear {unknown}
 o - a scroll of vulnerability {unknown}
 q - a scroll of acquirement {unknown}
 t - a scroll of poison {unknown}
Potions
 c - a potion of ambrosia
 e - a potion of curing
 p - a potion of mutation {unknown}
 v - a potion of haste {unknown}


   Skills:
 + Level 4.3 Fighting
 * Level 5.5 Axes
 + Level 2.0 Armour
 + Level 2.9 Dodging
 - Level 1.5 Stealth


You had 4 spell levels left.
You didn't know any spells.
Your spell library contained the following spells:

 Spells                   Type           Power      Damage    Failure   Level
 Freeze                   Ice            0%         1d3       67%         1
 Blink                    Tloc           0%         N/A       80%         2
 Frozen Ramparts          Ice            0%         1d1       95%         3
 Hailstorm                Conj/Ice       0%         3d3       95%         3
 Manifold Assault         Tloc           0%         N/A       100%        4
 Storm Form               Tmut/Air       0%         N/A       100%        7


Dungeon Overview and Level Annotations

Branches:
Dungeon (4/15)
 Temple: D:4-7

Altars:

Annotations:
D:3 Natasha


Message History

The kobold hits you but does no damage.
The grasping roots release their grip on you.
Unknown command.
It was a potion of curing.
You feel better. The bat barely misses you.
The bat hits you but does no damage.
Natasha zaps a wand.
The roots erupt in riotous growth!
The grasping roots grab you!
The bat is unaffected.
Natasha is unaffected.
The kobold is unaffected.
The rat is unaffected.
The grasping roots constrict you.
* * * LOW HITPOINT WARNING * * *
The bat barely misses you. The kobold hits you but does no damage.
The rat bites you but does no damage. Natasha barely misses you.
The grasping roots constrict you.
* * * LOW HITPOINT WARNING * * *
The ball python bites you but does no damage.
Unknown command.
It was a potion of flight.
You feel very buoyant.
You fly up into the air.
The bat hits you but does no damage. x2
The kobold hits you but does no damage. The rat bites you but does no damage.
A quokka comes into view.
The ball python barely misses you.
Natasha wildly gestures.
You feel troubled. Natasha claws you.
* * * LOW HITPOINT WARNING * * *
The grasping roots constrict you.
* * * LOW HITPOINT WARNING * * *
The kobold barely misses you. The rat bites you but does no damage.
The grasping roots release their grip on you.
It was a potion of degeneration.
There was something very wrong with that liquid.
You feel weakened.
You feel dopey.
You feel clumsy. The bat hits you but does no damage.
The ball python barely misses you. The ball python grabs you.
The ball python constricts you.
* * * LOW HITPOINT WARNING * * *
Natasha closely misses you. The kobold hits you but does no damage.
The rat barely misses you. The ball python barely misses you.
The ball python constricts you. Natasha claws you.
You die...

#.# # #.# . !# .. ####.#
? #.##... ######....#
'#...#'.
.......##.######..[..###
....#####.'...(..b......
....# #.###..rKgJb....
(.### #.# ##.SKr8....#
...# #.# ##.@h....#
..... ..# +...b...')
#.#### ..# #.......##
#.# #..# ....#....# #..
##.# #..##'##.$# # #
#r## .. .# .# #..
###'#######+####.#...# .
....................# .#
##.........#.#<.##.#.


You could see Natasha, an endoplasm, a quokka, a goblin, 3 bats, a ball python,
2 kobolds and 2 rats.

Vanquished Creatures
  Natasha (D:3)
  4 adders
  A worm (D:2)
  2 dart slugs
  3 endoplasms
  6 giant cockroaches
  4 goblins
  5 hobgoblins
  A jackal (D:1)
  5 ball pythons
  3 bats
  6 frilled lizards
  4 kobolds
  5 rats
50 creatures vanquished.

Notes
Turn   | Place    | Note
-------+----------+-------------------------------------------
     0 | D:1      | runemasterragnar the Hill Orc Monk began the quest for the
                  | Orb.
     0 | D:1      | Reached XP level 1. HP: 19/19 MP: 1/1
    66 | D:1      | Reached XP level 2. HP: 20/27 MP: 2/2
   663 | D:2      | Reached skill level 1 in Armour
   688 | D:2      | Reached XP level 3. HP: 33/33 MP: 3/3
  1111 | D:2      | Found a faded altar of an unknown god.
  1362 | D:2      | Reached skill level 5 in Axes
  1457 | D:2      | Reached XP level 4. HP: 26/40 MP: 4/4
  1684 | D:2      | You fall into a shaft and drop 2 floors!
  1729 | D:4      | Noticed a necrophage
  1748 | D:3      | Noticed Natasha
  1761 | D:3      | Killed Natasha
  2563 | D:3      | Noticed Natasha
  2568 | D:3      | Reached XP level 5. HP: 43/47 MP: 5/5
  2575 | D:3      | HP: 2/47 [constriction (2)]
  2576 | D:3      | Slain by Natasha

Illustrated notes

Levels and vault maps discovered:
D:1:      minmay_arrival_jagged, layout_rooms, minmay_pentomino_v4
D:2:      kb_forest_paths, layout_basic, hellmonk_ecumenical_altar_lost_god
D:3:      layout_rooms, minivault_27, minmay_pentangle, uniq_natasha
D:4:      layout_loops_ring, grunt_temple_overflow_magic_moments,
          pdpol_wu_jian_five_deadly_venoms, uniq_pikel

Skill      XL: |  1  2  3  4 |
---------------+-------------+-----
Armour         | 1 2 |  2.0
Fighting       | 4 |  4.3
Axes           | 5 |  5.5
Dodging        | |  2.9
Stealth        | |  1.5

Action                     |  1- 3 |  4- 6 || total
---------------------------+-------+-------++-------
  Melee: Hand axe          |   121 |    53 ||   174
         Punch             |     1 |       ||     1
    Use: Potion            |       |     3 ||     3
   Stab: Sleeping          |     2 |       ||     2
 Armour: Robe              |     4 |       ||     4
         Leather armour    |    30 |     1 ||    31
         Ring mail         |       |    27 ||    27
  Dodge: Dodged            |    56 |    37 ||    93

Table legend: (Time is in decaauts)
 A = Elapsed time spent in this place.
 B = Non-inter-level travel time spent in this place.
 C = Inter-level travel time spent in this place.
 D = Time resting spent in this place.
 E = Time spent auto-exploring this place.
 F = Levels seen in this place.
 G = Mean time per level.
                   A        B        C        D        E       F      G
               +--------+--------+--------+--------+--------+-----+--------+
         Total |   2588 |   2462 |    126 |    425 |   1585 |   4 |  647.0 |
       Dungeon |   2588 |   2462 |    126 |    425 |   1585 |   4 |  647.0 |
               +--------+--------+--------+--------+--------+-----+--------+

Top non-repeatable levels by time:
     D:2: 1599 daAuts
     D:1: 647 daAuts
     D:3: 284 daAuts
     D:4: 56 daAuts
